 Dungeon Crawl Stone Soup version 0.31.0-11-ge490571c62 (webtiles) character file.

Game seed: 14945611066543135390

120934 Amaterasu the Severer (level 16, 96/96 HPs)
             Began as a Vine Stalker Fighter on Jan 29, 2024.
             Was a High Priest of Ashenzari.
             Quit the game on level 15 of the Dungeon.
             The game lasted 00:53:49 (18367 turns).

Amaterasu the Severer (Vine Stalker Fighter)       Turns: 18367, Time: 00:53:49

Health: 96/96      AC: 25    Str: 36    XL:     16   Next: 83%
Magic:  17/17      EV: 13    Int:  8    God:    Ashenzari [*****.]
Gold:   2000       SH:  0    Dex: 14    Spells: 15/15 levels left

rFire   + + .        X - +4 executioner's axe (elec)
rCold   . . .        (shield currently unavailable)
rNeg    . . .        t - +4 chain mail of the Unmoving One {rF+, Dev, Fort} (curse)
rPois   .            r - +0 helmet of the Sidereal Seer {Elem, Dev} (curse)
rElec   .            G - +0 cloak of Apeoromancy {Sorc, Melee} (curse)
rCorr   .            L - +2 pair of gloves of Ashenzari's Jealousy {Str+3, Sorc, Fort} (curse)
SInv    +            p - +2 pair of boots of the Profound Moon {rampage, Elem, Self} (curse)
Will    ++...        l - amulet "Stellar Visionary" {Regen+, Dev, Cun} (curse) Stlth
                     W - ring "Ensconced Loss" {Str+6, Cun, Comp} (curse)
HPRegen 1.96/turn    E - ring of Curses and Power {rF+, Dev, Self} (curse)
MPRegen 0.15/turn

%: clarity, guardian spirit, rampage
@: studying Shapeshifting
A: fangs 3, regeneration 1, magic shield, antimagic bite, no potion heal 2
a: Renounce Religion, Curse Item, Shatter the Chains


You were on level 15 of the Dungeon.
You worshipped Ashenzari.
Ashenzari was extremely pleased with you.
You visited 3 branches of the dungeon, and saw 22 of its levels.
You also visited: Ossuary, Bailey, Gauntlet and Volcano.

You collected 2285 gold pieces.
You spent 285 gold pieces at shops.

Inventory:

Hand Weapons
 X - a +4 executioner's axe of electrocution (weapon)
Missiles
 B - 4 throwing nets (quivered)
 Y - 3 silver javelins
 Z - 3 javelins
Armour
 p - the cursed +2 pair of boots of the Profound Moon (worn) {rampage, Elem, Self}
   (You found it in a Gauntlet)

   It has a curse which improves the following skills: Elements: Fire Magic, Ice
   Magic, Air Magic and Earth Magic.
   Introspection: Fighting and Spellcasting.
 r - the cursed +0 helmet of the Sidereal Seer (worn) {Elem, Dev}
   (You found it on level 9 of the Dungeon)

   It has a curse which improves the following skills: Elements: Fire Magic, Ice
   Magic, Air Magic and Earth Magic.
   Devices:   Evocations and Shapeshifting.
 t - the cursed +4 chain mail of the Unmoving One (worn) {rF+, Dev, Fort}
   (You took it off a hell knight in a volcano)

   It has a curse which improves the following skills: Devices: Evocations and
   Shapeshifting.
   Fortitude: Armour and Shields.
 G - the cursed +0 cloak of Apeoromancy (worn) {Sorc, Melee}
   (You found it on level 7 of the Dungeon)

   It has a curse which improves the following skills: Sorcery: Conjurations and
   Alchemy.
   Melee Combat: Short Blades, Long Blades, Axes, Maces & Flails, Polearms,
   Staves and Unarmed Combat.
 L - the cursed +2 pair of gloves of Ashenzari's Jealousy (worn) {Str+3, Sorc, Fort}
   (You found it in a bailey)

   It has a curse which improves the following skills: Sorcery: Conjurations and
   Alchemy.
   Fortitude: Armour and Shields.
Jewellery
 a - a ring of resist corrosion
 l - the cursed amulet "Stellar Visionary" (around neck) {Regen+, Dev, Cun}
   (You found it on level 3 of the Dungeon)

   [amulet of regeneration]

   Regen+:    It increases your rate of health regeneration.
   It has a curse which improves the following skills: Devices: Evocations and
   Shapeshifting.
   Cunning:   Dodging and Stealth.
 C - a ring of positive energy
 E - the cursed ring of Curses and Power (right hand) {rF+, Dev, Self}
   (You found it on level 10 of the Dungeon)

   [ring of protection from fire]

   rF+:       It protects you from fire.
   It has a curse which improves the following skills: Devices: Evocations and
   Shapeshifting.
   Introspection: Fighting and Spellcasting.
 I - a ring of willpower
 O - a ring of flight
 R - a ring of protection from fire
 V - the ring "Zuekk" {Fly rPois Int+4}
   (You took it off a minotaur in a Gauntlet)

   [ring of poison resistance]

   Int+4:     It affects your intelligence (+4).
   rPois:     It protects you from poison Fly: It grants you flight.
 W - the cursed ring "Ensconced Loss" (left hand) {Str+6, Cun, Comp}
   (You found it in a Gauntlet)

   [ring of strength]

   Str+6:     It affects your strength (+6).
   It has a curse which improves the following skills: Cunning: Dodging and
   Stealth.
   Companions: Summonings and Necromancy.
Talismans
 e - a beast talisman
Wands
 i - a wand of quicksilver (7)
 j - a wand of digging (23)
 o - a wand of charming (6)
 S - a wand of roots (11)
Scrolls
 b - 3 scrolls of blinking
 f - 6 scrolls of revelation
 k - 4 scrolls of vulnerability
 s - a scroll of silence
 u - 6 scrolls of amnesia
 v - 14 scrolls of identify
 x - 8 scrolls of enchant armour
 y - 6 scrolls of noise
 A - 5 scrolls of poison
 F - 8 scrolls of teleportation
 N - a scroll of fog
 Q - 5 scrolls of fear
 T - 4 scrolls of immolation
 U - a scroll of butterflies
Potions
 d - 3 potions of might
 g - 11 potions of curing
 h - 5 potions of berserk rage
 m - 2 potions of lignification
 n - 4 potions of brilliance
 q - 5 potions of mutation
 w - 14 potions of heal wounds
 z - 3 potions of resistance
 D - 3 potions of magic
 H - 3 potions of enlightenment
 J - 2 potions of attraction
 K - 4 potions of haste
 P - 4 potions of cancellation
Miscellaneous
 c - a condenser vane
 M - a box of beasts


   Skills:
 * Level 13.0(16.1) Fighting
 + Level 19.9(21.7) Axes
 - Level 7.1(10.3) Armour
 - Level 5.4(8.5) Dodging
 - Level 4.5(7.5) Shields
 - Level 5.9(10.8) Evocations
 - Level 5.8(10.6) Shapeshifting


You had 15 spell levels left.
You didn't know any spells.
Your spell library contained the following spells:

 Spells                   Type           Power      Damage    Failure   Level
 Freeze                   Ice            0%         1d3       67%         1
 Sting                    Conj/Alch      0%         1d3       67%         1
 Kiss of Death            Conj/Necr      0%         2d5       69%         1
 Necrotise                Necr           0%         1d4       71%         1
 Summon Small Mammal      Summ           0%         N/A       71%         1
 Apportation              Tloc           0%         N/A       75%         1
 Scorch                   Fire           0%         2d5       82%         2
 Call Imp                 Summ           0%         N/A       83%         2
 Sublimation of Blood     Necr           0%         N/A       83%         2
 Jinxbite                 Hex            0%         N/A       86%         2
 Frozen Ramparts          Ice            0%         1d1       96%         3
 Hailstorm                Conj/Ice       0%         3d5       96%         3
 Dazzling Flash           Conj/Hex       0%         N/A       97%         3
 Volatile Blastmotes      Fire/Tloc      0%         2d10      97%         3
 Confusing Touch          Hex            0%         N/A       98%         3
 Animate Armour           Summ/Erth      0%         N/A       100%        4
 Animate Dead             Necr           0%         N/A       100%        4
 Dispel Undead            Necr           0%         3d6       100%        4
 Flame Wave               Conj/Fire      0%         2d4       100%        4
 Summon Lightning Spire   Summ/Air       0%         N/A       100%        4
 Borgnjor's Vile Clutch   Necr/Erth      0%         N/A       100%        5
 Lee's Rapid Deconstruct  Erth           0%         3d4*      100%        5
 Yara's Violent Unravell  Hex/Alch       0%         3d3       100%        5
 Death Channel            Necr           0%         N/A       100%        6
 Starburst                Conj/Fire      0%         6d3       100%        6
 Summon Cactus Giant      Summ           0%         N/A       100%        6
 Enfeeble                 Hex            0%         N/A       100%        7
 Summon Hydra             Summ           0%         N/A       100%        7
 Maxwell's Capacitive Co  Air            0%         ∞         100%        8


Dungeon Overview and Level Annotations

Branches:
Dungeon (15/15)            Temple (0/1) D:4            Lair (5/5) D:8
  Swamp (0/4) Lair:3       Spider (0/4) Lair:2        Slime (0/5) Lair:5
    Orc (2/2) D:9             Elf (0/3) Orc:2        Vaults (0/5) D:13
 Depths (0/4) D:15        Ossuary (visited)          Bailey (visited)
Volcano (visited)         Gauntlet (visited)

Altars:
Ashenzari
Cheibriados
Gozag
Hepliaklqana
Kikubaaqudgha
Okawaru
Qazlal
Ru
Trog
Uskayaw
Wu Jian
Jiyva

Shops:
D:6 !   D:10 =   D:14 =[[(?   Orc:2 (:=*


Innate Abilities, Weirdness & Mutations

You have razor-sharp teeth.
Your natural rate of healing is unusually fast.
When hurt, damage is shared between your health and your magic reserves.
Your bite disrupts and absorbs the magic of your enemies.
Potions cannot restore your health.


Message History

You barely miss the manticore.
The manticore is severely wounded.
You slash the manticore! You bite the manticore.
You kill the manticore!
No target in view!
Q - 5 scrolls of fear (gained 1)
Found a stone staircase leading up.
You see here a +0 glaive.
d - 3 potions of might (gained 1)
You now have 2000 gold pieces (gained 11).
x - 8 scrolls of enchant armour (gained 1)
Found a +0 flail.
A manticore comes into view.
You rampage towards the manticore!
You rampage towards the manticore!
The manticore bites you!
The manticore claws you but does no damage.
The manticore claws you.
You hit the manticore but do no damage.
Lightning courses through the manticore!
You bite the manticore. You drain its power.
You feel invigorated.
The manticore is heavily wounded.
The manticore bites you but does no damage.
The manticore claws you but does no damage. x2
You hit the manticore but do no damage.
The manticore is heavily wounded.
The manticore bites you! The manticore barely misses you.
The manticore claws you!
You barely miss the manticore. Your bite misses the manticore.
The manticore is heavily wounded.
The manticore barely misses you. The manticore closely misses you.
The manticore claws you but does no damage.
You slice the manticore!!
You kill the manticore!
No target in view!
No target in view!
Done exploring.
Done exploring.
Okay, then.
Okay, then.
Are you sure you want to abandon this character and quit the game? (Confirm with "yes".)

##..8.8.8..........##
#..................#
#........###.......##
##.#......##.........#
#..#_)....#..........#
...#..†..............##
##....................#
##....................#
##.8.8.8.......@.....#
#..................##
##.####............#
#.................#
#######....^......#
####.......## ####..###
####


There were no monsters in sight!

Vanquished Creatures
  Kirke (D:12)
  The ghost of cheburek the Metamorph, an adept MfSh of Dithmenos (Lair:3)
  A minotaur (Gauntlet)
  4 dire elephants (Lair:5)
  Josephine (Lair:3)
  7 hydras
  A vault guard (D:13)
  2 catoblepae
  5 centaur warriors
  5 two-headed ogres
  5 boulder beetles
  An ogre mage (Volcano)
  A death yak (Lair:5)
  A satyr (shapeshifter) (D:15)
  4 tengu warriors (D:15)
  An occultist (D:15)
  3 orc high priests (Orc:2)
  A hell knight (Volcano)
  Sonja (Orc:2)
  A spectral death yak (Lair:5)
  A skyshark (Lair:3)
  A spectral anaconda (Lair:5)
  A glowing orange brain (D:13)
  A deep troll (D:15)
  An obsidian statue (Lair:5)
  6 orc knights
  4 necromancers
  20 ugly things
  6 orc sorcerers
  6 cyclopes
  5 manticores
  A will-o-the-wisp (Lair:3)
  2 kobold blastminers (Orc:2)
  A dire elephant zombie (Lair:5)
  9 elephants
  8 black mambas
  3 meliai (D:14)
  2 molten gargoyles (Volcano)
  4 gargoyles
  18 cane toads
  2 torpor snails
  3 rime drakes
  An efreet (Gauntlet)
  A kobold demonologist (D:9)
  10 komodo dragons
  A freezing wraith (D:15)
  A tengu conjurer (D:15)
  5 trolls
  Grinder (D:6)
  5 polar bears
  A polar bear (shapeshifter) (D:15)
  3 blink frogs (Lair:4)
  20 slime creatures
  6 shadows (Gauntlet)
  4 vampires
  4 water elementals (D:14)
  59 yaks
  2 fire elementals (Gauntlet)
  4 basilisks
  3 wraiths (Lair:3)
  3 steam dragons
  4 wyverns
  3 hogs (D:12)
  7 vampire mosquitoes
  5 wargs
  2 acid dragons
  17 water moccasins
  A hell hound (Gauntlet)
  15 orc warriors
  A sky beast (D:6)
  2 ice beasts (D:6)
  An elephant zombie (Lair:5)
  3 ogres
  2 laughing skulls (D:13)
  8 centaurs
  4 wolves (Lair:2)
  An elephant skeleton (Lair:5)
  A phantom (D:5)
  4 kobold brigands
  2 scorpions (Lair:1)
  16 bullfrogs
  A gnoll sergeant (D:11)
  2 cane toad simulacra (Lair:5)
  18 wights
  3 killer bees (D:11)
  7 electric eels
  9 vampire bats (Bailey)
  3 howler monkeys
  4 wolf zombies (Bailey)
  5 lava snakes (Volcano)
  3 bullfrog zombies (Ossuary)
  5 hounds
  6 jellies
  2 bombardier beetles
  7 gnoll boudas
  9 orc priests
  3 iguanas
  10 mummies (Ossuary)
  20 orc wizards
  A killer bee zombie (Ossuary)
  3 crocodile zombies (Ossuary)
  A hound zombie (Ossuary)
  5 howler monkey zombies (Ossuary)
  40 gnolls
  An adder (D:2)
  3 white imps
  2 ufetubi (D:4)
  4 ribbon worms
  3 dart slugs
  44 orcs
  4 ball pythons
  10 endoplasms
  11 goblins
  9 hobgoblins
  2 jackals (D:2)
  18 kobolds
  3 quokkas (D:1)
  3 ball python zombies (Ossuary)
  5 bats
  A frilled lizard (D:1)
  18 orc zombies (Bailey)
  7 rats
700 creatures vanquished.

Vanquished Creatures (collateral kills)
  2 hydras
  2 black mambas
  3 slime creatures (D:14)
  A water moccasin (Lair:5)
8 creatures vanquished.

Vanquished Creatures (others)
  A dire elephant (Lair:5)
  A hydra (Lair:3)
  A necromancer (Lair:5)
  An orc priest (Orc:2)
  An orc (Orc:2)
  4 foxfires (Lair:3)
9 creatures vanquished.

Grand Total: 717 creatures vanquished

Notes
Turn   | Place    | Note
-------+----------+-------------------------------------------
     0 | D:1      | Amaterasu the Vine Stalker Fighter began the quest for the
                  | Orb.
     0 | D:1      | Reached XP level 1. HP: 11/11 MP: 2/2
    52 | D:1      | Reached skill level 2 in Axes
   147 | D:1      | Reached XP level 2. HP: 16/16 MP: 3/3
   310 | D:1      | Reached XP level 3. HP: 19/19 MP: 4/4
   537 | D:1      | Reached skill level 1 in Shapeshifting
   741 | D:2      | Reached skill level 3 in Axes
   849 | D:2      | Found a faded altar of an unknown god.
  1000 | D:2      | Reached XP level 4. HP: 16/23 MP: 2/5
  1143 | D:2      | Reached XP level 5. HP: 27/27 MP: 6/6
  1147 | D:2      | Found a broken altar of Ashenzari.
  1575 | D:2      | Became a worshipper of Ashenzari the Shackled
  1627 | D:3      | Reached skill level 4 in Axes
  2132 | D:4      | Found a snail-covered altar of Cheibriados.
  2171 | D:4      | Reached XP level 6. HP: 32/32 MP: 7/7
  2173 | D:4      | Found a bloodstained altar of Trog.
  2188 | D:4      | Found a staircase to the Ecumenical Temple.
  2217 | D:4      | Reached skill level 5 in Axes
  2255 | D:4      | Found a sand-covered staircase.
  2260 | Ossuary  | Entered an ossuary
  2313 | Ossuary  | Reached XP level 7. HP: 37/37 MP: 8/8
  2539 | Ossuary  | Reached skill level 5 in Fighting
  2589 | D:4      | Gained mutation: You have razor-sharp teeth. [Vine Stalker
                  | growth]
  2589 | D:4      | Reached XP level 8. HP: 38/43 MP: 7/9
  2845 | D:4      | Reached * piety under Ashenzari
  3235 | D:5      | Entered Level 5 of the Dungeon
  3323 | D:5      | Reached ** piety under Ashenzari
  3481 | D:5      | You fall into a shaft and drop 1 floor!
  3539 | D:5      | Found an ancient bone altar of Kikubaaqudgha.
  3539 | D:5      | Found an iron altar of Okawaru.
  3547 | D:5      | Reached skill level 1 in Dodging
  3547 | D:5      | Reached skill level 5 in Shapeshifting
  3774 | D:6      | Reached skill level 6 in Axes
  3847 | D:6      | Noticed Grinder
  3883 | D:6      | Killed Grinder
  3937 | D:6      | Found Sylyckou's Distillery.
  3961 | D:6      | Reached skill level 7 in Axes
  3961 | D:6      | Reached XP level 9. HP: 38/47 MP: 8/10
  4078 | D:6      | Reached *** piety under Ashenzari
  4489 | D:7      | Reached skill level 8 in Axes
  4797 | D:7      | Reached skill level 9 in Axes
  5136 | D:8      | Found a stormy altar of Qazlal.
  5327 | D:8      | Reached XP level 10. HP: 51/51 MP: 11/11
  5363 | D:8      | Found an ornate altar of the Wu Jian Council.
  5546 | D:8      | Found a staircase to the Lair.
  5614 | D:8      | Found an opulent altar of Gozag.
  5902 | D:9      | Reached skill level 10 in Axes
  5961 | D:9      | Found a flagged portal.
  5971 | Bailey   | Entered a bailey
  6133 | Bailey   | Noticed a gargoyle
  6141 | Bailey   | Killed a gargoyle
  6226 | Bailey   | Identified the +8 dagger of the Winnowing Saviour {pain,
                  | Str+4}
  6475 | D:9      | Reached skill level 5 in Armour
  6751 | D:9      | Noticed a kobold demonologist
  6768 | D:9      | Killed a kobold demonologist
  6788 | D:9      | Reached XP level 11. HP: 45/58 MP: 12/12
  6949 | D:9      | Found a staircase to the Orcish Mines.
  7020 | D:10     | Entered Level 10 of the Dungeon
  7073 | D:10     | Found Guywnuako's Jewellery Boutique.
  7290 | D:10     | Reached skill level 1 in Evocations
  7416 | D:10     | Reached skill level 11 in Axes
  7697 | D:10     | Reached **** piety under Ashenzari
  7851 | D:11     | Noticed a manticore
  7857 | D:11     | Killed a manticore
  8080 | D:11     | Noticed a boulder beetle
  8099 | D:11     | Killed a boulder beetle
  8169 | D:11     | Noticed a boulder beetle
  8177 | D:11     | Killed a boulder beetle
  8550 | Lair:1   | Entered Level 1 of the Lair of Beasts
  8551 | Lair:1   | Found a sacrificial altar of Ru.
  8567 | Lair:1   | Reached XP level 12. HP: 67/67 MP: 13/13
  8618 | Lair:1   | Reached skill level 10 in Fighting
  8722 | Lair:1   | Noticed a catoblepas
  8734 | Lair:1   | Killed a catoblepas
  8893 | Lair:1   | Reached skill level 12 in Axes
  9240 | Lair:2   | Found a hole to the Spider Nest.
  9296 | Lair:2   | Noticed a four-headed hydra
  9309 | Lair:2   | Killed a four-headed hydra
  9382 | Lair:2   | Reached ***** piety under Ashenzari
  9408 | Lair:2   | Reached skill level 13 in Axes
 10083 | Lair:3   | Noticed Josephine
 10095 | Lair:3   | Killed Josephine
 10107 | Lair:3   | Found a gate leading to a gauntlet.
 10116 | Gauntlet | Entered a Gauntlet
 10116 | Gauntlet | Found a transporter.
 10116 | Gauntlet | Found a transporter.
 10116 | Gauntlet | Found a transporter.
 10140 | Gauntlet | Found a transporter.
 10150 | Gauntlet | Found a transporter.
 10154 | Gauntlet | Found a transporter.
 10164 | Gauntlet | Found a transporter.
 10184 | Gauntlet | Noticed a death yak
 10185 | Gauntlet | Found a transporter.
 10185 | Gauntlet | Noticed a death yak
 10185 | Gauntlet | Noticed a death yak
 10185 | Gauntlet | Noticed a death yak
 10186 | Gauntlet | Noticed a death yak
 10187 | Gauntlet | Noticed a death yak
 10206 | Gauntlet | Found a transporter.
 10210 | Gauntlet | Found a transporter.
 10220 | Gauntlet | Found a transporter.
 10224 | Gauntlet | Found a transporter.
 10278 | Gauntlet | Reached XP level 13. HP: 62/75 MP: 11/14
 10279 | Gauntlet | Reached XP level 14. HP: 72/84 MP: 11/15
 10398 | Gauntlet | Identified the ring "Zuekk" {Fly rPois Int+4}
 10435 | Lair:3   | Found a staircase to the Swamp.
 10469 | Lair:3   | Reached skill level 14 in Axes
 10780 | Lair:3   | Reached skill level 5 in Dodging
 11120 | Lair:3   | Identified the +7 rapier "Rianto" {freeze, rF+ Str+2 Dex-2
                  | SInv}
 11121 | Lair:3   | Found a runed translucent door.
 11122 | Lair:3   | Noticed cheburek's ghost (adept MfSh)
 11256 | Lair:3   | Killed cheburek's ghost
 11712 | Lair:4   | Reached skill level 5 in Evocations
 12288 | Lair:5   | Entered Level 5 of the Lair of Beasts
 12504 | Lair:5   | Reached ****** piety under Ashenzari
 12507 | Lair:5   | Noticed a dire elephant
 12507 | Lair:5   | Noticed a dire elephant
 12507 | Lair:5   | Noticed a dire elephant
 12508 | Lair:5   | Noticed a dire elephant
 12512 | Lair:5   | Identified the staff "Ytaemiw" {Fly rPois Alchemy}
 12641 | Lair:5   | Noticed a dire elephant
 12651 | Lair:5   | Killed a dire elephant
 12677 | Lair:5   | Reached XP level 15. HP: 92/92 MP: 16/16
 12784 | Lair:5   | Reached skill level 15 in Axes
 12988 | Lair:5   | Identified the +1 robe of Imeicat {rC+ Stlth+}
 13389 | Lair:5   | Found a viscous altar of Jiyva.
 13389 | Lair:5   | Found a staircase to the Slime Pits.
 13414 | Lair:5   | Reached skill level 16 in Axes
 13912 | Orc:1    | Entered Level 1 of the Orcish Mines
 14040 | Orc:2    | Entered Level 2 of the Orcish Mines
 14096 | Orc:2    | Found a dark tunnel.
 14104 | Volcano  | Entered a volcano
 14193 | Volcano  | Found a radiant altar of Vehumet.
 14313 | Orc:2    | Noticed Sonja
 14337 | Orc:2    | Killed Sonja
 14443 | Orc:2    | Found a staircase to the Elven Halls.
 14473 | Orc:2    | Reached skill level 17 in Axes
 14675 | Orc:2    | Found Uhuzeoc's General Store.
 14675 | Orc:2    | Found Bador's Jewellery Emporium.
 14677 | Orc:2    | Found Kush's Book Shop.
 14677 | Orc:2    | Found Aciegro's Weapon Emporium.
 15081 | D:12     | Noticed Kirke
 15089 | D:12     | Killed Kirke
 15104 | D:12     | Reached XP level 16. HP: 73/95 MP: 12/17
 15175 | D:12     | Found a hazy altar of Hepliaklqana.
 15807 | D:13     | Reached skill level 18 in Axes
 15868 | D:13     | Found a sacrificial altar of Ru.
 15875 | D:13     | Identified a scroll of acquirement
 15917 | D:13     | Acquired the +3 warlock's mirror {omnireflect}
 15917 | D:13     | Found the +3 warlock's mirror {omnireflect}
 16109 | D:13     | Found a gate to the Vaults.
 16456 | D:14     | Found Dusyn's Armour Boutique.
 16459 | D:14     | Found Qiurawno's Weapon Boutique.
 16533 | D:14     | Reached skill level 19 in Axes
 16799 | D:14     | Found Kyekor's Antique Armour Shoppe.
 17010 | D:14     | Found Leacawn's Jewellery Boutique.
 17091 | D:14     | Identified the cursed +0 cloak of Apeoromancy {Sorc, Melee}
                  | (You found it on level 7 of the Dungeon)
 17091 | D:14     | Identified the cursed +0 helmet of the Sidereal Seer {Elem,
                  | Dev} (You found it on level 9 of the Dungeon)
 17091 | D:14     | Identified the cursed +2 pair of gloves of Ashenzari's
                  | Jealousy {Str+3, Sorc, Fort} (You found it in a bailey)
 17091 | D:14     | Identified the cursed +2 pair of boots of the Profound Moon
                  | {rampage, Elem, Self} (You found it in a Gauntlet)
 17295 | D:14     | Found Utorelig's Magic Scroll Boutique.
 17306 | D:14     | Bought 3 scrolls of brand weapon for 285 gold pieces
 17545 | D:15     | Entered Level 15 of the Dungeon
 17653 | D:15     | Found a staircase to the Depths.
 18066 | D:15     | Found an ornate altar of the Wu Jian Council.
 18259 | D:15     | Found a hide-covered altar of Uskayaw.
 18367 | D:15     | Quit the game

Illustrated notes

Levels and vault maps discovered:
D:1:      lemuel_arrival_broad_hall, layout_basic, serial_forest,
          infiniplex_forest_end_2, infiniplex_forest_straight_1,
          infiniplex_forest_clump_double, infiniplex_forest_clump_tiny,
          infiniplex_forest_clump_tiny, infiniplex_forest_end_3,
          infiniplex_forest_clump_double, infiniplex_forest_lined_room_2,
          infiniplex_forest_lined_4_way, infiniplex_forest_zigzag_1
D:2:      layout_rooms, serial_aquarium, aquarium_bridge_long_joined
          [aquarium_subvault_wall, aquarium_subvault_wall,
          aquarium_subvault_wall, aquarium_subvault_bridge,
          aquarium_subvault_wall, aquarium_subvault_bridge],
          aquarium_window_corner, aquarium_window_corner, aquarium_window_1,
          aquarium_window_1, aquarium_view_2f, aquarium_view_2a,
          aquarium_balcony_1b, chequers_ecumenical_altar_simple_redux,
          basic_altar, nrook_uturn, chequers_mini_garden, minivault_27,
          kennysheep_pointless_box
D:3:      layout_rooms
D:4:      layout_basic, trog_three_pillars_becter, slow_altar_2,
          minmay_temple_entry_trees, enter_ossuary_2,
          chequers_serial_rivers_small_b, hex_large
D:5:      nicolae_cairo_tiling_large_dashed, layout_basic,
          grunt_temple_overflow_open, chequers_serial_rivers_micro_d
D:6:      layout_basic, serial_shops, shop, uniq_grinder
D:7:      layout_basic
D:8:      layout_basic, mainiacjoe_overflow_surrounded_room,
          mainiacjoe_overflow_24_doors, mainiacjoe_overflow_boulevard
D:9:      layout_loops_ring, orc_0_dummy, enter_bailey_3, nrook_mini_backslash
D:10:     layout_irregular_city, serial_shops, nicolae_stop_n_shop_2
D:11:     layout_basic, minmay_diced_spiral
D:12:     layout_rooms, worldfamousw_hep_ancestral_shrine, uniq_kirke
D:13:     layout_basic, hellmonk_vaults_order_and_chaos,
          nicolae_ru_path_of_blood
D:14:     layout_layer_cave, serial_bayou, serial_bayou_pond_a,
          serial_bayou_lagoon_b, serial_bayou_shore_a, serial_bayou_pond_c,
          serial_shops, shop_coins, shop_fountains, nicolae_shop_tiny_glass,
          nicolae_lakefront_shop, nicolae_shop_dealshenge, feat_on_display
D:15:     hangedman_depths_entry_civil_slaughter, layout_cave_pods,
          nzn_wu_jian_council_hall, eat_drink_and_be_merry_uskayaw
Lair:1:   layout_big_grid, basic_altar, grunt_megastairs_5
Lair:2:   layout_roguey, dummy_spider_entry
Lair:3:   nzn_winding_woodlands_three_and_one
          [nzn_winding_woodlands_5x15_parted,
          nzn_winding_woodlands_5x15_pockets, nzn_winding_woodlands_5x15_jagged,
          nzn_winding_woodlands_center_garden], layout_chaotic_city,
          minmay_swamp_entry_wisps, gauntlet_entry_generic,
          ebering_ghost_inner_flame, chequers_serial_rivers_small_3,
          uniq_josephine
Lair:4:   layout_loops_ring, lemuel_old_faithful
Lair:5:   due_jungle_book, layout_concentric_octagons,
          nicolae_slime_entry_slimehenge, st_stairs_7, minivault_24,
          nicolae_lair_lil_pond
Orc:1:    layout_diamond_mine, hellmonk_jugg_or_not
Orc:2:    grunt_orc_tribal_feast, layout_caves, nicolae_volcano_entry_lava_flow,
          uniq_sonja

Skill      XL: |  1  2  3  4  5  6  7  8  9 10 11 12 13 14 15 16 |
---------------+-------------------------------------------------+-----
Axes           | 2 3 4 5 7 9 10 11 13 14 17 19 | 19.9
Shapeshifting  | 1 2 3 4 5 |  5.8
Fighting       | 3 5 7 9 10 12 13 | 13.0
Dodging        | 1 2 3 4 5 |  5.4
Armour         | 3 5 7 |  7.1
Evocations     | 3 5 |  5.9
Shields        | 4 |  4.5

Action                     |  1- 3 |  4- 6 |  7- 9 | 10-12 | 13-15 | 16-18 || total
---------------------------+-------+-------+-------+-------+-------+-------++-------
  Melee: War axe           |    70 |   117 |   281 |   547 |   306 |       ||  1321
         Bite              |    10 |    25 |   100 |   163 |   204 |    79 ||   581
         Executioner's axe |       |       |       |       |   303 |   233 ||   536
 Invoke: Curse Item        |       |     1 |     4 |     6 |     3 |     1 ||    15
         Shatter the Chain |       |       |     1 |     1 |     5 |       ||     7
Ability: Begin Untransform |       |       |       |     1 |       |       ||     1
  Evoke: Wand              |       |       |       |     8 |    39 |     3 ||    50
         Box of beasts     |       |       |       |       |     2 |     1 ||     3
         Condenser vane    |       |       |       |       |     1 |       ||     1
    Use: Scroll            |     1 |     6 |     6 |       |     4 |     5 ||    22
         Potion            |       |       |       |     1 |     4 |       ||     5
   Stab: Distracted        |       |       |       |       |     1 |       ||     1
 Armour: Scale mail        |    48 |    60 |   162 |       |       |       ||   270
         Chain mail        |       |       |    10 |   394 |   592 |   202 ||  1198
  Dodge: Dodged            |    32 |    39 |   126 |   209 |   336 |   121 ||   863
  Block: Buckler           |    26 |    43 |    54 |   120 |    74 |       ||   317
         Reflection        |       |     4 |       |       |       |       ||     4
   Form: Beast             |     1 |       |       |       |       |     1 ||     2
                           |       |       |       |       |       |     1 ||     1
